 Dungeon Crawl Stone Soup version 0.21.1-1-g345015f (webtiles) character file.

112 Lilu the Conjurer (level 4, -1/24 HPs)
             Began as a Deep Elf Conjurer on July 28, 2018.
             Slain by a killer bee (9 damage)
             ... on level 3 of the Dungeon.
             The game lasted 00:06:07 (2378 turns).

Lilu the Conjurer (Deep Elf Conjurer)               Turns: 2378, Time: 00:06:07

Health: -1/24      AC:  2    Str:  6    XL:     4   Next: 64%
Magic:  8/10       EV: 12    Int: 20    God:
Gold:   211        SH:  0    Dex: 12    Spells: 2/9 levels left

rFire    . . .     SeeInvis .   l - +0 club
rCold    . . .     Gourm    .   (no shield)
rNeg     . . .     Faith    .   a - +0 robe
rPois    .         Spirit   .   (no helmet)
rElec    .         Reflect  .   (no cloak)
rCorr    .         Harm     .   (no gloves)
MR       .....                  (no boots)
Stlth    ++........             (no amulet)
HPRegen  0.08/turn              o - -3 ring of dexterity (curse)
MPRegen  0.12/turn              (no ring)

@: lethally poisoned (-1 -> -8), very slightly contaminated
A: no striking features
a: no special abilities


You were on level 3 of the Dungeon.
You were not hungry.

You visited 1 branch of the dungeon, and saw 3 of its levels.

You collected 211 gold pieces.

Inventory:

Hand Weapons
 l - a +0 club (weapon)
Missiles
 v - 5 javelins (quivered)
Armour
 a - a +0 robe (worn)
Jewellery
 o - a cursed -3 ring of dexterity (left hand)
Scrolls
 f - 3 scrolls of identify {unknown}
 g - a scroll of noise {unknown}
 i - a scroll of magic mapping {unknown}
 k - 2 scrolls of remove curse {unknown}
 m - 5 scrolls of teleportation
 n - 2 scrolls of fear {unknown}
 r - a scroll of immolation {unknown}
 u - a scroll of enchant armour {unknown}
 w - a scroll of amnesia {unknown}
Potions
 d - a potion of heal wounds {unknown}
 e - a potion of curing {unknown}
 h - a potion of haste {unknown}
 j - a potion of invisibility {unknown}
 q - a potion of berserk rage {unknown}
 s - 2 potions of cancellation {unknown}
 t - a potion of lignification {unknown}
Books
 b - a book of Conjurations

   Spells                             Type                      Level
   a - Magic Dart                     Conjuration                  1
   b - Searing Ray                    Conjuration                  2
   c - Dazzling Spray                 Conjuration/Hexes            3
   d - Fulminant Prism                Conjuration/Hexes            4
   e - Force Lance                    Conjuration/Translocation    4
   f - Iskenderun's Mystic Blast      Conjuration                  4
Comestibles
 c - 9 rations
 p - 2 chunks of flesh


   Skills:
 - Level 2.4 Dodging
 - Level 2.4 Stealth
 - Level 3.0 Spellcasting
 + Level 6.7 Conjurations


You had 2 spell levels left.
You knew the following spells:

 Your Spells              Type           Power        Failure   Level  Hunger
a - Magic Dart            Conj           ####         1%          1    None
b - Searing Ray           Conj           ####..       1%          2    ##.....
c - Iskenderun's Mystic   Conj           ####....     9%          4    ####...


Dungeon Overview and Level Annotations

Branches:
Dungeon (3/15)

Altars:


Message History

The magic dart hits the killer bee.
The killer bee is lightly wounded.
The killer bee buzzes angrily.
You hear an angry buzzing noise.
The killer bee closely misses you. The killer bee barely misses you.
The killer bee completely misses you.
You see here a spear.
Casting: Magic Dart
Confirm with . or Enter, or press ? or * to list all spells.
Aiming: Searing Ray
Press: ? - help, Shift-Dir - straight line, f/p - killer bee
Aim: a killer bee (lightly wounded)
You miscast Searing Ray.
You are very lightly contaminated with residual magic.
You smell something strange.
The killer bee stings you.
You are poisoned.
The killer bee poisons you! The killer bee closely misses you.
You feel sick. The killer bee closely misses you. The killer bee stings you!
You feel sick. The killer bee closely misses you. The killer bee stings you!
You die...

#.# #.# #..#
########.# #.# #..#
.........#####.# #..#
......##.....#.# #..#
.##..........#.####y.#
.##.#.##.............#
.##.#.##.....#.####.##
....#.##.....#.####.#
................@yy.#
#####.###############
#.# #.# #####.#
......# #######


You could see 2 killer bees.

Vanquished Creatures
  4 gnolls (D:3)
  An adder (D:2)
  2 worms
  3 dart slugs
  3 leopard geckos
  An orc (D:3)
  A ball python (D:3)
  4 bats
  6 giant cockroaches
  6 goblins
  2 hobgoblins
  3 jackals (D:1)
  2 frilled lizards
  4 kobolds
  7 rats
49 creatures vanquished.

Notes
Turn   | Place    | Note
-------+----------+-------------------------------------------
     0 | D:1      | Lilu the Deep Elf Conjurer began the quest for the Orb.
     0 | D:1      | Reached XP level 1. HP: 10/10 MP: 6/6
   133 | D:1      | Reached XP level 2. HP: 13/15 MP: 0/8
   171 | D:1      | Reached skill level 5 in Conjurations
   843 | D:2      | Reached XP level 3. HP: 13/19 MP: 4/9
   886 | D:2      | Learned a level 2 spell: Searing Ray
  1885 | D:3      | Reached skill level 6 in Conjurations
  1988 | D:3      | Noticed a killer bee
  1988 | D:3      | Noticed a killer bee
  1990 | D:3      | Noticed a killer bee
  2016 | D:3      | Reached XP level 4. HP: 19/24 MP: 6/10
  2031 | D:3      | Learned a level 4 spell: Iskenderun's Mystic Blast
  2378 | D:3      | Slain by a killer bee

Skill      XL: |  1  2  3 |
---------------+----------+-----
Conjurations   | 5 6 |  6.7
Dodging        | |  2.4
Stealth        | |  2.4
Spellcasting   | |  3.0

Action                   |  1- 3 |  4- 6 || total
-------------------------+-------+-------++-------
Melee: Unarmed           |     2 |       ||     2
       Club              |     1 |     2 ||     3
 Cast: Magic Dart        |    70 |    14 ||    84
       Searing Ray       |     2 |     1 ||     3
  Use: Scroll            |     1 |       ||     1
 Stab: Sleeping          |     1 |       ||     1
  Eat: Chunk             |     3 |     1 ||     4
Armor: Robe              |     1 |       ||     1
Dodge: Dodged            |    11 |    12 ||    23
